2386 views
Uploaded 2024-10-10 08:02:43
Game version 1.36 (6115)
26:41 long 1on1 ladder game on (2)EchoIsles_S2_v2.2
Saved by Ferenaer
2386 views
Uploaded 2024-10-10 08:02:43
Game version 1.36 (6115)
26:41 long 1on1 ladder game on (2)EchoIsles_S2_v2.2

53 units @ 7.9k
/ 0.8k
14 buildings @ 2.2k
/ 0.9k

| Moonstone | 1 | 50 |
| Lesser Clarity Potion | 2 | 140 |
| Potion of Healing | 1 | 150 |
| Potion of Mana | 1 | 200 |
| Gloves of Haste | 1 | 125 |
| Claws of Attack +9 | 1 | 300 |
| Pendant of Energy | 1 | 300 |
| Potion of Greater Healing | 1 | 400 |
| Ring of Protection +5 | 1 | 600 |
| Ring of Regeneration | 1 | 300 |
| total: | 11 | 2565g |
| Wisp | 10 | 600 | / | 0 |
| Archer | 19 | 2470 | / | 190 |
| Huntress | 9 | 1755 | / | 180 |
| Glaive Thrower | 2 | 420 | / | 130 |
| Dryad | 2 | 290 | / | 120 |
| Forest Troll Shadow Priest | 4 | 780 | / | 40 |
| Forest Troll Berserker | 3 | 735 | / | 90 |
| Mud Golem | 2 | 290 | / | 20 |
| Ogre Mauler | 2 | 600 | / | 0 |
| total: | 53 | 7940g | / | 770w |
| Ancient Protector | 3 | 405 | / | 240 |
| Altar of Elders | 1 | 180 | / | 50 |
| Ancient of War | 2 | 300 | / | 120 |
| Moon Well | 5 | 900 | / | 200 |
| Hunter's Hall | 1 | 210 | / | 100 |
| Ancient of Wonders | 1 | 90 | / | 30 |
| Ancient of Lore | 1 | 155 | / | 145 |
| Tree of Ages | 1 | 320 | / | 180 |
| Tree of Eternity | 1 | 330 | / | 200 |
| total: | 14 | 2240g | / | 885w |
| 0:03 | Wisp |
| 0:08 | Altar of Elders |
| 0:13 | Wisp |
| 0:19 | Ancient of War |
| 0:24 | Moon Well |
| 0:27 | Moon Well |
| 0:29 | Wisp |
| 0:45 | Wisp |
| 0:45 | Wisp |
| 1:22 | Wisp |
| 1:22 | Wisp |
| 1:23 | Archer |
| 1:49 | Archer |
| 1:53 | Moon Well |
| 2:02 | Moon Well |
| 2:15 | Fan of Knives |
| 2:54 | Archer |
| 2:54 | Archer |
| 2:59 | Wisp |
| 2:59 | Wisp |
| 3:08 | Hunter's Hall |
| 3:11 | Ancient of Wonders |
| 4:18 | Ancient Protector |
| 4:23 | Ancient Protector |
| 4:33 | Forest Troll Shadow Priest |
| 4:39 | Shadow Strike |
| 4:56 | Forest Troll Berserker |
| 5:12 | Huntress |
| 5:16 | Strength of the Moon |
| 5:34 | Huntress |
| 5:47 | Gloves of Haste |
| 6:30 | Fan of Knives |
| 7:31 | Forest Troll Shadow Priest |
| 7:32 | Forest Troll Berserker |
| 7:32 | Mud Golem |
| 7:33 | Ogre Mauler |
| 7:45 | Blink |
| 8:00 | Archer |
| 8:00 | Archer |
| 8:03 | Glaive Thrower |
| 8:03 | Glaive Thrower |
| 8:10 | Wisp |
| 10:41 | Huntress |
| 10:41 | Huntress |
| 10:50 | Ancient of War |
| 10:54 | Tree of Ages |
| 11:02 | Moonstone |
| 11:02 | Lesser Clarity Potion |
| 12:14 | Lesser Clarity Potion |
| 12:44 | Huntress |
| 12:44 | Huntress |
| 12:45 | Archer |
| 12:45 | Archer |
| 12:49 | Forest Troll Shadow Priest |
| 12:49 | Forest Troll Berserker |
| 12:50 | Mud Golem |
| 12:50 | Ogre Mauler |
| 13:16 | Huntress |
| 13:18 | Archer |
| 13:44 | Archer |
| 13:50 | Fan of Knives |
| 14:05 | Tree of Eternity |
| 14:10 | Moon Well |
| 14:15 | Improved Strength of the Moon |
| 14:25 | Moon Glaive |
| 14:27 | Improved Bows |
| 14:35 | Claws of Attack +9 |
| 14:58 | Pendant of Energy |
| 16:04 | Ancient of Lore |
| 16:08 | Archer |
| 16:26 | Well Spring |
| 17:26 | Dryad |
| 17:26 | Dryad |
| 17:29 | Potion of Greater Healing |
| 17:36 | Ring of Protection +5 |
| 18:04 | Archer |
| 18:07 | Forest Troll Shadow Priest |
| 18:44 | Spirit of Vengeance |
| 18:49 | Archer |
| 19:30 | Ring of Regeneration |
| 19:41 | Archer |
| 20:06 | Potion of Healing |
| 20:09 | Potion of Mana |
| 20:39 | Huntress |
| 20:39 | Huntress |
| 21:49 | Archer |
| 21:49 | Archer |
| 21:50 | Archer |
| 23:23 | Archer |
| 23:24 | Archer |
| 23:36 | Ancient Protector |
| 25:13 | Shadow Strike |
| Right click | 1121 |
| Select | 427 |
| Build/train/purchase | 115 |
| Use ability | 30 |
| Assign group | 9 |
| Select group | 7 |
| Remove unit | 6 |
| Chat | 6 |
| Item give/drop | 4 |
46 units @ 8.7k
/ 1.7k
14 buildings @ 2.2k
/ 1.1k


| Rod of Necromancy | 2 | 300 |
| Potion of Healing | 4 | 600 |
| Orb of Corruption | 1 | 375 |
| total: | 7 | 1275g |
| Acolyte | 8 | 600 | / | 0 |
| Ghoul | 5 | 600 | / | 0 |
| Crypt Fiend | 19 | 4085 | / | 760 |
| Obsidian Statue | 5 | 1000 | / | 175 |
| Abomination | 7 | 1680 | / | 490 |
| Frost Wyrm | 2 | 770 | / | 240 |
| total: | 46 | 8735g | / | 1665w |
| Spirit Tower | 1 | 145 | / | 40 |
| Altar of Darkness | 1 | 180 | / | 50 |
| Ziggurat | 6 | 900 | / | 300 |
| Crypt | 1 | 200 | / | 50 |
| Tomb of Relics | 1 | 130 | / | 30 |
| Graveyard | 1 | 215 | / | 0 |
| Slaughterhouse | 1 | 140 | / | 135 |
| Sacrificial Pit | 1 | 75 | / | 150 |
| Boneyard | 2 | 350 | / | 400 |
| Halls of the Dead | 1 | 320 | / | 210 |
| Black Citadel | 1 | 325 | / | 230 |
| total: | 14 | 2190g | / | 1115w |
| 0:04 | Acolyte |
| 0:07 | Altar of Darkness |
| 0:13 | Ziggurat |
| 0:27 | Acolyte |
| 0:33 | Crypt |
| 0:54 | Tomb of Relics |
| 1:09 | Ziggurat |
| 1:32 | Acolyte |
| 1:36 | Ghoul |
| 1:52 | Ghoul |
| 2:08 | Death Coil |
| 2:15 | Rod of Necromancy |
| 2:18 | Ghoul |
| 2:56 | Graveyard |
| 3:12 | Ghoul |
| 3:48 | Unholy Aura |
| 3:58 | Ghoul |
| 4:03 | Ziggurat |
| 4:27 | Spirit Tower |
| 4:29 | Halls of the Dead |
| 4:42 | Crypt Fiend |
| 4:57 | Crypt Fiend |
| 5:17 | Crypt Fiend |
| 5:22 | Creature Attack |
| 6:05 | Death Coil |
| 6:32 | Rod of Necromancy |
| 6:38 | Crypt Fiend |
| 6:44 | Death Pact |
| 6:53 | Crypt Fiend |
| 7:19 | Crypt Fiend |
| 7:28 | Acolyte |
| 7:28 | Acolyte |
| 7:57 | Crypt Fiend |
| 8:18 | Slaughterhouse |
| 9:00 | Ziggurat |
| 9:03 | Crypt Fiend |
| 9:06 | Burrow |
| 9:25 | Obsidian Statue |
| 10:03 | Frost Nova |
| 10:20 | Potion of Healing |
| 10:34 | Potion of Healing |
| 10:38 | Obsidian Statue |
| 10:46 | Crypt Fiend |
| 11:34 | Black Citadel |
| 12:44 | Frost Armor |
| 12:47 | Crypt Fiend |
| 13:14 | Obsidian Statue |
| 13:17 | Crypt Fiend |
| 13:18 | Improved Creature Attack |
| 13:21 | Ziggurat |
| 13:33 | Potion of Healing |
| 14:25 | Frost Nova |
| 14:32 | Acolyte |
| 14:53 | Abomination |
| 14:54 | Abomination |
| 14:56 | Crypt Fiend |
| 15:44 | Death Coil |
| 15:56 | Potion of Healing |
| 16:17 | Destroyer Form |
| 16:18 | Abomination |
| 18:11 | Abomination |
| 18:34 | Crypt Fiend |
| 18:34 | Crypt Fiend |
| 18:40 | Frost Armor |
| 19:02 | Abomination |
| 19:04 | Crypt Fiend |
| 21:32 | Abomination |
| 21:34 | Obsidian Statue |
| 21:34 | Obsidian Statue |
| 21:35 | Crypt Fiend |
| 21:35 | Crypt Fiend |
| 21:37 | Acolyte |
| 21:37 | Acolyte |
| 21:53 | Boneyard |
| 21:57 | Ziggurat |
| 22:47 | Crypt Fiend |
| 23:07 | Web |
| 23:25 | Abomination |
| 23:31 | Boneyard |
| 23:36 | Sacrificial Pit |
| 23:43 | Orb of Corruption |
| 23:55 | Crypt Fiend |
| 24:47 | Frost Nova |
| 25:00 | Death Coil |
| 26:03 | Frost Wyrm |
| 26:04 | Frost Wyrm |
| Right click | 1529 |
| Select | 817 |
| Select group | 162 |
| Build/train/purchase | 153 |
| Misc. action | 100 |
| Use ability | 44 |
| Assign group | 42 |
| Chat | 6 |
| Item give/drop | 2 |
| Remove unit | 1 |
| Esc | 1 |
โ